Cogmind - Beta 15 @@@ ROGUE MODE // 2025.08.26 @ 14:37:29 Player: shapeshifter Result: Destroyed by S-27 Virus with Autogun Performance ------------- Evolutions (0) 0 Regions Visited (3) 600 Robots Destroyed (26) 130 Value Destroyed (620) 620 Prototype IDs (12) 240 Alien Tech Used (0) 0 Bonus (0) 0 TOTAL SCORE: 1590 Bonus ------- None Cogmind --------- Core Integrity 0/250 Matter 300/300 Energy 208/290 System Corruption 0% Temperature Cool (30) Movement Rolling (90) Location -7/Recycling Parts ------- > --- POWER (1+1) ------ Improved Deuterium Engine > --- PROPULSION (2) --- Wheel Compact Wheel > --- UTILITY (2) ------ (None) > --- WEAPON (2) ------- Powered Cannon > --- INVENTORY (5) ---- Subdweller Monowheel Improved Medium Armor Plating Flak Gun Katana Ripper Peak State ------------ > --- POWER ------------ Improved Deuterium Engine > --- PROPULSION ------- Wheel Compact Wheel > --- UTILITY ---------- Scrap Shield > --- WEAPON ----------- Powered Cannon > --- INVENTORY -------- Subdweller Monowheel Improved Medium Laser Improved Light Cannon Improved Light Cannon Ripper [Rating: 25] Favorites ----------- Power Ion Engine Engine Ion Engine Propulsion Light Treads Treads Light Treads Wheel Compact Wheel Utility Large Storage Unit Storage Large Storage Unit Protection Scrap Shield Weapon Improved Light Cannon Energy Gun Improved Medium Laser Energy Cannon Powered Cannon Ballistic Gun Light Assault Rifle Ballistic Cannon Improved Light Cannon Build | -11 -10 -10 -7 ------- Run | Yrd Mat Sub Rec Slots Evolved . | . . . . Power . | . . . . Propulsion . | . . . . Utility . | . . . . Weapon . | . . . . Parts Attached 24 | 6 6 11 1 Power 4 | 1 . 2 1 Engine 4 | 1 . 2 1 Core . | . . . . Reactor . | . . . . Propulsion 5 | 2 . 3 . Treads 2 | 2 . . . Leg . | . . . . Wheel 3 | . . 3 . Hover . | . . . . Flight . | . . . . Utility 6 | 1 3 2 . Device . | . . . . Storage 3 | 1 2 . . Processor . | . . . . Hackware . | . . . . Protection 3 | . 1 2 . Artifact . | . . . . Weapon 9 | 2 3 4 . Energy Gun 4 | 1 2 1 . Energy Cannon 1 | . . 1 . Ballistic Gun 1 | 1 . . . Ballistic Cannon 3 | . 1 2 . Launcher . | . . . . Special Weapon . | . . . . Impact Weapon . | . . . . Slashing Weapon . | . . . . Piercing Weapon . | . . . . Special Melee Weapon . | . . . . Unidentified Prototypes 1 | . 1 . . Parts Lost 8 | . . 7 1 Power 1 | . . 1 . Propulsion 2 | . . 2 . Utility 3 | . . 2 1 Weapon 2 | . . 2 . Highest Loss Streak 3 | . . 3 1 To Critical Strikes . | . . . . Average Backups 6 | 2 7 5 4 Power . | . 1 . . Propulsion 1 | . 2 . 1 Utility . | . . 1 . Weapon 3 | . 3 3 3 Tool/Special . | . . . . Unused Backups 7 | 1 1 1 4 Power . | . . . . Propulsion . | . . . . Utility 3 | . 1 1 1 Weapon 4 | 1 . . 3 Tool/Special . | . . . . Average Slot Usage (%) 79 | . 88 74 58 Engine 11 | . 14 10 9 Treads 15 | . 28 6 . Wheel 11 | . . 19 25 Storage 9 | . 14 7 . Protection 7 | . 3 9 10 Energy Gun 7 | . 13 3 . Energy Cannon 3 | . . 5 12 Ballistic Cannon 10 | . 13 10 . Peak Build Rating 25 | 6 11 23 25 Average Rating 13 | 4 9 15 24 On Entrance 9 | . 6 11 21 Naked Turns . | . . . . Heaviest Build 55 | 13 55 36 37 Greatest Support 40 | 40 40 40 26 Greatest Overweight (x) 2 | . 1 2 1 Average Overweight (x) . | . . . . Largest Inventory Capacity 20 | 8 20 15 5 Average Capacity 11 | 7 14 10 5 Most Carried 11 | 6 11 10 5 Average Carried 6 | 2 7 5 4 Final Capacity 15 | 8 15 5 5 Final Carried 10 | 3 10 5 5 Class Distribution -------------------- 100% | Mutant Dominant Class ---------------- Mutant | -10/Materials Mutant | -10/Subcaves Mutant | -7/Recycling Resources | -11 -10 -10 -7 ----------- Run | Yrd Mat Sub Rec Matter Collected 751 | 258 184 299 10 Remotely . | . . . . Salvage Created 553 | . 356 123 74 Parts 31 | . 30 1 . Haulers Intercepted . | . . . . Recyclers Shooed 1 | . 1 . . Parts Field Recycled . | . . . . Retrieved Matter . | . . . . Parts Self-Destructed 4 | . . 4 . Prevented . | . . . . Kills | -11 -10 -10 -7 ------- Run | Yrd Mat Sub Rec Combat Hostiles Destroyed 20 | . 11 8 1 Guns 12 | . 8 4 . Cannons 7 | . 3 4 . Classes Destroyed 8 | . 5 2 1 Builder 1 | . 1 . . Recycler 1 | . 1 . . Turret 2 | . . 2 . Watcher 2 | . 2 . . Swarmer 10 | . 6 4 . Grunt 5 | . 5 . . Sentry 1 | . . . 1 Subdweller 4 | . . 4 . Best Kill Streak 6 | . 6 4 2 Combat Bots Only 4 | . 3 4 1 Max Kills in Single Turn 1 | . 1 1 1 Gunslinging . | . . . . Exploded . | . . . . Melee . | . . . . Uniques/NPCs Destroyed . | . . . . Combat | -11 -10 -10 -7 -------- Run | Yrd Mat Sub Rec Hostile Shots Fired 208 | . 47 146 15 Missed 71 | . 14 52 5 Hits 137 | . 33 94 10 Projectile 137 | . 33 94 10 Critical Strikes 2 | . . 2 . Damage Taken 1613 | . 323 1167 123 Core 260 | . 38 174 48 Absorbed by Shields . | . . . . Core Remaining (%) 100 | 100 . . . Volleys Fired 84 | . 28 49 7 Largest 2 | . 2 2 1 Hottest 89 | . 89 89 40 Shots Fired 147 | . 56 84 7 Gun 52 | . 28 24 . Cannon 95 | . 28 60 7 Launcher . | . . . . Special . | . . . . Kinetic 79 | . 28 51 . Thermal 68 | . 28 33 7 Explosive . | . . . . Electromagnetic . | . . . . Robot Hit Streak 16 | . 6 16 2 Robot Miss Streak 5 | . 3 5 3 Penetration Max . | . . . . Secondary Targets . | . . . . Shots Hit Robots 83 | . 27 53 3 Core Hits 29 | . 16 13 . Critical Kills 2 | . . 1 1 Critical Parts Destroyed . | . . . . Critical Strikes 10 | . 6 3 1 Burn 7 | . 6 1 . Meltdown 2 | . . 1 1 Blast 1 | . . 1 . Melee Attacks . | . . . . Impact . | . . . . Slashing . | . . . . Piercing . | . . . . Sneak Attacks . | . . . . Combat Hostiles . | . . . . Follow-up Attacks . | . . . . Damage Inflicted 1970 | . 613 1195 162 Guns 693 | . 360 333 . Cannons 1277 | . 253 862 162 Explosions . | . . . . Melee . | . . . . Ramming . | . . . . Kinetic 966 | . 253 713 . Thermal 1004 | . 360 482 162 Explosive . | . . . . Electromagnetic . | . . . . Impact . | . . . . Slashing . | . . . . Piercing . | . . . . Highest Corruption . | . . . . Average Corruption . | . . . . Corruption Purged . | . . . . Corruption Blocked . | . . . . Overload Shots . | . . . . Overflow Damage 2 | . . 2 . Projectiles 2 | . . 2 . Explosions . | . . . . Melee . | . . . . Knockbacks 11 | . 2 9 . Impact . | . . . . Kinetic 11 | . 2 9 . Secondary . | . . . . Self-Inflicted Damage . | . . . . Shots . | . . . . Rammed . | . . . . Targets Rammed . | . . . . Kicked . | . . . . Crushed . | . . . . Highest Temperature 207 | . 207 7 48 Average Temperature 72 | . 78 4 24 Received Heat Transfer 402 | . 114 276 12 Siege Activations . | . . . . Martial Activations . | . . . . Shielding Activations . | . . . . Robots Disrupted . | . . . . Combat Hostiles . | . . . . Robots Corrupted . | . . . . Combat Hostiles . | . . . . Parts Fried . | . . . . Impact Corruptions . | . . . . Robots Melted 2 | . . 1 1 Combat Hostiles 1 | . . . 1 Parts Melted 8 | . 1 . 7 Heat Transferred 2035 | . 1221 814 . Parts Sabotaged . | . . . . Parts Stolen . | . . . . Parts Stripped . | . . . . Power Chain Reactions . | . . . . Alert | -11 -10 -10 -7 ------- Run | Yrd Mat Sub Rec Maximum Alert Level . | . . . . Low Security (%) 100 | 100 100 . 100 Level 1 . | . . . . Level 2 . | . . . . Level 3 . | . . . . Level 4 . | . . . . Level 5 . | . . . . High Security . | . . . . Max Security . | . . . . Peak Influence 183 | . 183 . 53 Initial 33 | . . . 33 Average 70 | . 84 . 23 Influence Increases 601 | . 338 240 23 Destroy 0b10 Robot/C 360 | . 220 120 20 Destroy 0b10 Robot/NC 20 | . 20 . . Destroy Leader 44 | . 44 . . Successful Hack 7 | . 7 . . Disable Machine 30 | . 30 . . Destroy Structure 5 | . 2 . 3 Lose Combat Pursuer 135 | . 15 120 . Influence Decreases 601 | . 250 258 93 Entered New Map 80 | . . 43 37 Time Decay 470 | . 250 165 55 Lost Part 51 | . . 50 1 Squads Dispatched 1 | . 1 . . Investigation . | . . . . Extermination . | . . . . Reinforcement 1 | . 1 . . Assault . | . . . . Garrison . | . . . . Intercept . | . . . . Searches Triggered . | . . . . Construction Impeded . | . . . . Haulers Reinforced . | . . . . Active Scanning Responses . | . . . . Cargo Convoy Interrupts . | . . . . Stealth | -11 -10 -10 -7 --------- Run | Yrd Mat Sub Rec Distress Signals 2 | . 2 . . Communications Jammed . | . . . . Distress Signals . | . . . . Times Spotted 37 | . 16 18 3 Peak Tracking Total 6 | . 4 6 3 Tactical Retreats 6 | . 1 5 . Traps | -11 -10 -10 -7 ------- Run | Yrd Mat Sub Rec Traps Triggered 1 | . . 1 . Indirectly . | . . . . Trap Hack Attempts . | . . . . Triggered . | . . . . Disarmed . | . . . . Reprogrammed . | . . . . Reused . | . . . . Traps Extracted . | . . . . Installed . | . . . . Triggered . | . . . . Machines | -11 -10 -10 -7 ---------- Run | Yrd Mat Sub Rec Machines Disabled 4 | . 2 2 . Max in Single Turn 1 | . 1 1 . Machines Repaired . | . . . . Machines Dismantled . | . . . . Machines Sabotaged . | . . . . Overloaded Fab Kills . | . . . . Hacking | -11 -10 -10 -7 --------- Run | Yrd Mat Sub Rec Machines Accessed 5 | . 3 1 1 Terminals 4 | . 3 . 1 Fabricators . | . . . . Repair Stations . | . . . . Recycling Units . | . . . . Scanalyzers . | . . . . Garrison Access . | . . . . Total Hacks 8 | . 5 1 2 Successful 2 | . 1 1 . Failed 6 | . 4 . 2 Catastrophic . | . . . . Database Lockouts . | . . . . Manual 6 | . 4 . 2 Terminals 7 | . 5 . 2 Fabricators . | . . . . Repair Stations . | . . . . Recycling Units . | . . . . Scanalyzers . | . . . . Garrison Access . | . . . . Terminal Hacks 2 | . 1 1 . Registered Components 1 | . 1 . . Proto ID Catalog 1 | . . 1 . Fabricator Hacks . | . . . . Repair Station Hacks . | . . . . Recycling Unit Hacks . | . . . . Scanalyzer . | . . . . Garrison Access Hacks . | . . . . Unauthorized Hacks . | . . . . Terminals . | . . . . Fabricators . | . . . . Repair Stations . | . . . . Recycling Units . | . . . . Scanalyzers . | . . . . Garrison Access . | . . . . Data Cores Recovered . | . . . . Used . | . . . . Hacking Detections 3 | . 2 . 1 Full Trace Events 1 | . . . 1 Feedback Events . | . . . . Feedback Blocked . | . . . . Robot Schematics Acquired . | . . . . Robots Built . | . . . . Authchips . | . . . . Time . | . . . . Total Robot Build Rating . | . . . . Part Schematics Acquired . | . . . . Parts Built . | . . . . Authchips . | . . . . Time . | . . . . Total Part Build Rating . | . . . . Parts Repaired . | . . . . Time . | . . . . Parts Recycled . | . . . . Recycled Matter . | . . . . Retrieved Matter . | . . . . Retrieved Components . | . . . . Parts Scanalyzed . | . . . . Part Schematics Acquired . | . . . . Parts Damaged . | . . . . Bothacking | -11 -10 -10 -7 ------------ Run | Yrd Mat Sub Rec Used RIF Installer . | . . . . Robots Hacked . | . . . . Non-combat . | . . . . Combat . | . . . . Robot Hacks Applied . | . . . . Relay Couplers Released . | . . . . Fabnet Peak Effective % . | . . . . Robots Rewired . | . . . . Allies Hacked . | . . . . Hacks Repelled . | . . . . Allies | -11 -10 -10 -7 -------- Run | Yrd Mat Sub Rec Total Allies . | . . . . Largest Group . | . . . . Highest-Rated Group . | . . . . Highest-Rated Ally . | . . . . Total Orders . | . . . . Ally Attacks . | . . . . Total Damage . | . . . . Kills . | . . . . Allies Corrupted . | . . . . Allies Melted . | . . . . Intel | -11 -10 -10 -7 ------- Run | Yrd Mat Sub Rec Active Infowar (turns) . | . . . . Robot Analysis Total . | . . . . Derelict Logs Recovered . | . . . . Drone Launches . | . . . . Drone Recoveries . | . . . . Exploration | -11 -10 -10 -7 ------------- Run | Yrd Mat Sub Rec Turns Passed 2129 | 86 887 1013 143 Spaces Moved 1194 | 56 327 692 119 Core 17 | 17 . . . Treads 447 | 39 327 81 . Legs . | . . . . Wheels 730 | . . 611 119 Hover . | . . . . Flight . | . . . . Fastest Speed 50 | 50 160 105 90 Average Speed 135 | 126 195 113 104 Slowest Speed 240 | 160 240 240 105 Overloaded Moves . | . . . . Propulsion Burnouts . | . . . . Robots Hopped . | . . . . Potential Cave-ins . | . . . . Cave-ins Triggered . | . . . . Exploration Rate (%) 27 | 5 47 39 18 Regions Visited 3 Branch Regions 2 Pre-discovered Areas 1 | . . 1 . Known Exits Taken . | . . . . Unknown Exits Taken 3 | 1 1 1 . Scrap Searched 3 | . . 3 . Spaces Dug . | . . . . Terrain Destroyed 9 | . 2 3 4 Melee . | . . . . Projectile 9 | . 2 3 4 AOE . | . . . . Terrain Rammed . | . . . . Walls Destroyed . | . . . . Machines Disabled . | . . . . Actions | -11 -10 -10 -7 --------- Run | Yrd Mat Sub Rec Total 1563 | 72 521 837 133 Wait 211 | . 142 69 . Move 1191 | 55 326 691 119 Hop . | . . . . Pick Up 33 | 10 13 7 3 Fast Attach 1 | . . . 1 Attach 20 | 6 5 9 . Detach . | . . . . Swap 6 | . 2 4 . Drop 17 | 1 5 8 3 Fire 84 | . 28 49 7 Melee . | . . . . Ram . | . . . . Kick . | . . . . Crush . | . . . . Escape Stasis . | . . . . Rewire . | . . . . Trap . | . . . . Miscellaneous . | . . . . Route ------- -11/Scrapyard -10/Materials (discovered 3 exits: [*Mat] / [*Min] / *Sub) -10/Subcaves -7/Recycling History --------- Turn | Location | Event 8 | -11/Scrapyard | Discovered new exit (range 16) 87 | -11/Scrapyard | Entered Materials 312 | -10/Materials | Build established: Mutant 559 | -10/Materials | Discovered new exit (range 16) 798 | -10/Materials | Discovered new exit (range 15) 959 | -10/Materials | Discovered new exit (range 9) 974 | -10/Materials | Entered Subcaves 975 | -10/Subcaves | Approached by a straggling Scientist 1015 | -10/Subcaves | Learned location of Zion (-6) 1015 | -10/Subcaves | Met a Zionite searching for "candidates" 1084 | -10/Subcaves | Discovered new exit (range 16) 1174 | -10/Subcaves | Lost 3 parts (1p1n1u) 1250 | -10/Subcaves | Core integrity fell below 50% 1283 | -10/Subcaves | Core integrity fell below 20% 1459 | -10/Subcaves | Visited 4L-MR0's lab 1472 | -10/Subcaves | Found Powered Cannon 1498 | -10/Subcaves | Attached Powered Cannon, gained temporary slot: Power 1987 | -10/Subcaves | Entered Recycling 2130 | -7/Recycling | Destroyed by S-27 Virus with Autogun Last Messages --------------- 01987_ Imp. Light Armor Plating melted. 01987_ Gatling Laser melted. 01987_ Imp. Heat Sink melted. 01987_ Imp. Deuterium Engine melted. 01987_ Lgt. Treads melted. 01987_ Flak Gun melted. 02003_ Acquired Imp. Deuterium Engine. 02008_ Acquired 10 matter. 02049_ Dropped Imp. Light Cannon. 02049_ Dropped Imp. Medium Laser. 02050_ Dropped Imp. Light Cannon. 02050_ Acquired Flak Gun. 02056_ Acquired Imp. Medium Armor Plating. 02067_ R-06 Scavenger collects Imp. Medium Laser. 02086_ Connecting with Terminal... 02086_ Current location identified: Recycling 02112_ Acquired Katana. 02115_ Y-54 Guardian springs to life. 02115_ Scrap Shield destroyed. Map ----- +----------------------------------------------------+ | ???????????????????????????????????????? | | ???????????????????????????????????????? | | ???????????????????????????????????????? | | ???????????????????????????????????????? | | ????????????????????? ?????????????????? | | ?????????????????????/?????????????????? | | ??????????????###?##? ?????????????????? | | ???????????? ## "##"# ?????????????????? | | ???????? ?????????????????? | | ???????? ?????????????????? | | ???????? ?????????????????? | | ???????? #????????????????? | | ???????? #????????????????? | | ?????### ? #????????????????? | | ????## ??? ????????????????? | | ????"" ???? #????????????????? | | ?????Y ?????? #????????????????? | | ?????" #????#### #????????????????? | | ?????# #????# #? #????????????????? | | ?????# ######;##+##+##???????????????? | | ?????# ## s ]#???????????????? | | ?????# ## r #???????????????? | | ?????# ## #???????????????? | | ????## ## #???????????????? | | ????# #%! #???????????????? | | ????# " # @ #???????????????? | | ????# "T + ! %= #???????????????? | | ????# # / % #???????????????? | | ????# # #???????????????? | | ????## ## % #???????????????? | | ?????# ## #???????????????? | | ?????# ## ] #???????????????? | | ?????# ###############???????????????? | | ?????# #?????????????????????????????? | | ?????# ##############????????????????? | | ?????# # ! #????????????????? | | ?????# # ! ] #????????????????? | | ?????# # ] ! #????????????????? | | ?????# # #????????????????? | | ?????# # = #????????????????? | | ?????# + %! #????????????????? | | ?????# # #????????????????? | | ?????# # ! #????????????????? | | ?????# # #????????????????? | | ????## # #????????????????? | | ????#% # #????????????????? | | ????## # ! !#????????????????? | | ?????# ##############????????????????? | | ?????# #?????????????????????????????? | | ?????#####?????????????????????????????? | +----------------------------------------------------+ Best States ------------- Heat Dissipation 25 Energy Generation 16 Energy Capacity 290 Matter Stores 300 Matter Capacity 300 Sight Range 16 Terrain Scan Density 10 Armor Coverage 800 Evasion (%) 50 Recoil Reduction 2 Item Schematics ----------------- None Robot Schematics ------------------ None Fabricated ------------ Nothing Repaired ---------- Nothing Alien Tech Used ----------------- None Achievements -------------- None Challenges ------------ None Game ------ Seed SmartbombTacticalArchive Manual? 0 Play Time 00:12:34 Cumulative 206.6 hours Start 2025.08.26 @ 14:26:09 End 2025.08.26 @ 14:37:29 Sessions 1 Manual Loads 0 Difficulty Rogue Special Mode None Game No. 313 Rogue 313 Adventurer 0 Explorer 0 Win Type - Total 4 Types 3/0/1/0/0/0/0/0/0/0 Lore% 79 Gallery% 75 Achievement% 56 Wizard Run 0 Options --------- Layout 1 ASCII 0 Keyboard 0 Movement Mouse Keybinds 0 Fullscreen 1 Font 24/Smallcaps Map View 50x40 Zoom Use 0% Tactical HUD 1 Map Filters NONE Filters NONE Steam 1 RUN: 12677955-4cbe-4aa1-a0ee-3947691acba1